 Dungeon Crawl Stone Soup version 0.27-a0-920-gb2bd10914a (webtiles) character file.

Game seed: 6438287396703917719

7234 siradein the Thaumaturge (level 11, -1/78 HPs)
             Began as a Djinni Earth Elementalist on Apr 9, 2021.
             Was a Believer of Makhleb.
             Slain by a large abomination (25 damage)
             ... on level 9 of the Dungeon.
             The game lasted 01:02:30 (12640 turns).

siradein the Thaumaturge (DjEE)                    Turns: 12640, Time: 01:02:31

Health: -1/78      AC: 10    Str:  7    XL:     11   Next: 12%
Gold:   609        EV: 14    Int: 26    God:    Makhleb [**....] SH:  8 Dex: 14

rFire    + + +     SeeInvis .   p - +1 whip (venom)
rCold    . . .     Faith    .   (no shield)
rNeg     + . .     Spirit   +   N - +0 acid dragon scales
rPois    ∞         Reflect  .   d - +0 helmet
rElec    .         Harm     .   K - scarf {rC+ rF+}
rCorr    +         Rampage  .   k - +0 pair of gloves
Will     +....                  (boots unavailable)
Stlth    +.........             j - brooch of Shielding {Spirit SH+8}
HPRegen  0.23/turn              s - +6 ring of intelligence
MPRegen  0.00/turn              u - ring of positive energy

@: flying
A: fire resistance 2, cold vulnerability 1, float, innate caster, hp casting,
extra vitality 1
a: Renounce Religion, Minor Destruction


You were on level 9 of the Dungeon.
You worshipped Makhleb.
Makhleb was pleased with you.
You visited 2 branches of the dungeon, and saw 10 of its levels.

You collected 609 gold pieces.

Inventory:

Hand Weapons
 p - a +1 whip of venom (weapon)
Missiles
 b - 273 stones
 D - 2 curare-tipped darts
Armour
 d - a +0 helmet (worn)
 k - a +0 pair of gloves (worn)
 q - a +0 kite shield
 K - a scarf of resistance (worn)
 N - +0 acid dragon scales (worn)
Magical Staves
 f - a staff of fire
Jewellery
 j - the brooch of Shielding (around neck) {Spirit SH+8}
   (You found it on level 4 of the Dungeon)

   [amulet of guardian spirit]

   It causes incoming damage to be divided between your reserves of health and
   magic.
   It affects your SH (+8).
 s - a +6 ring of intelligence (left hand)
 u - a ring of positive energy (right hand)
 H - a ring of fire
 I - a ring of flight
Wands
 i - a wand of polymorph (7)
 M - a wand of acid (18)
Scrolls
 h - 2 scrolls of magic mapping {unknown}
 l - a scroll of enchant armour {unknown}
 n - 3 scrolls of immolation {unknown}
 r - a scroll of noise {unknown}
 v - 6 scrolls of teleportation {unknown}
 x - 2 scrolls of enchant weapon {unknown}
 y - 2 scrolls of vulnerability {unknown}
 z - a scroll of silence {unknown}
 B - 3 scrolls of identify
 C - 4 scrolls of amnesia {unknown}
 E - a scroll of blinking {unknown}
 G - 2 scrolls of fog {unknown}
Potions
 a - a potion of brilliance
 c - a potion of heal wounds
 e - a potion of lignification
 g - 6 potions of curing
 m - 2 potions of might
 o - 2 potions of mutation
 t - a potion of ambrosia
 A - a potion of haste {unknown}
 F - a potion of invisibility {unknown}
 J - a potion of flight {unknown}
 L - a potion of attraction {unknown}


   Skills:
 + Level 6.5 Fighting
 + Level 6.5 Armour
 + Level 7.6 Dodging
 - Level 1.5 Stealth
 + Level 6.5 Shields
 + Level 9.1 Spellcasting


You couldn't memorise any spells.
You knew the following spells:

 Your Spells              Type           Power      Damage    Failure   Level
a - Sandblast             Erth           100%       2d20      1%          1
b - Passwall              Tmut/Erth      46%        N/A       1%          2
c - Stone Arrow           Conj/Erth      100%       3d13      1%          3
d - Petrify               Tmut/Erth      56%        N/A       1%          4
e - Lee's Rapid Deconstr  Erth           28%        3d16*     6%          5
f - Shock                 Conj/Air       100%       1d9       1%          1
g - Call Imp              Summ           56%        N/A       1%          2
h - Confusing Touch       Hex            56%        N/A       1%          3
i - Ignite Poison         Fire/Tmut/Pois 56%        N/A       1%          3
j - Leda's Liquefaction   Hex/Erth       28%        N/A       1%          4
Your spell library was empty.

Dungeon Overview and Level Annotations

Branches:
Dungeon (9/15)             Temple (1/1) D:6             Orc (0/2) D:9
   Lair: D:8-11

Altars:
Cheibriados
Dithmenos
Elyvilon
Fedhas
Gozag
Hepliaklqana
Kikubaaqudgha
Makhleb
Nemelex Xobeh
Okawaru
Ru
Sif Muna
Trog
Uskayaw
Vehumet
Wu Jian
Xom
Yredelemnul
Zin
The Shining One

Shops:
D:9 *


Innate Abilities, Weirdness & Mutations

You are immune to poison.
Your flesh is very heat resistant. (rF++)
You are vulnerable to cold. (rC-)
You float through the air rather than walking.
You learn spells naturally, not from books.
Your magical power is your life essence.
You have superior vitality. (+4 HP)


Message History

The small abomination is moderately damaged.
Casting: Lee's Rapid Deconstruction (dangerous; 6% risk of failure)
Confirm with . or Enter, or press ? or * to list all spells.
Aiming: Petrify (dangerous; 1% risk of failure)
Press: ? - help, Shift-Dir - straight line, f/p - small abomination
Aim: a small abomination (moderately damaged, petrified, covering ground slowly, chance to affect: 59%) Nothing appears to happen.
Casting: Petrify (dangerous; 1% risk of failure)
Confirm with . or Enter, or press ? or * to list all spells.
Aiming: Petrify (dangerous; 1% risk of failure)
Press: ? - help, Shift-Dir - straight line, f - large abomination, p - small abomination
Aim: a large abomination (lightly damaged, covering ground slowly, chance to affect: 13%)
The large abomination resists with almost no effort.
Casting: Petrify (dangerous; 1% risk of failure)
Confirm with . or Enter, or press ? or * to list all spells.
Aiming: Petrify (dangerous; 1% risk of failure)
Press: ? - help, Shift-Dir - straight line, f/p - large abomination
Aim: a large abomination (lightly damaged, covering ground slowly, chance to affect: 13%)
The large abomination resists with almost no effort.
Casting: Petrify (dangerous; 1% risk of failure)
Confirm with . or Enter, or press ? or * to list all spells.
Aiming: Petrify (dangerous; 1% risk of failure)
Press: ? - help, Shift-Dir - straight line, f - large abomination, p - large abomination
Aim: a large abomination (lightly damaged, covering ground slowly, chance to affect: 13%)
The large abomination resists with almost no effort.
Found an escape hatch in the floor.
Casting: Petrify (dangerous; 1% risk of failure)
Confirm with . or Enter, or press ? or * to list all spells.
Aiming: Petrify (dangerous; 1% risk of failure)
Press: ? - help, Shift-Dir - straight line, f - large abomination, p - large abomination
Aim: a large abomination (lightly damaged, covering ground slowly, chance to affect: 13%)
The large abomination resists with almost no effort.
There is an open door here.
The large abomination hits you.
You block the large abomination's attack.
The large abomination hits you!
* * * LOW HITPOINT WARNING * * *
The ground is no longer liquid beneath you.
The large abomination hits you!!
You die...

......#...))[.'............#.....
......#..)....#............#.....
......#.).....#............#x....
#######)...)..#...##..##...#.....
#......)......#...##...#...#.....
#.............+............#.....
#.............#........#.#.'.....
#.............######+#.....#.....
......(.........@Xx..XX#.#.......
...........[.....X...............
......>........).................
.########'####.)[................
.#......### ###[................
.'......# #8)[...............
.#......# #..................
.######## ..'..>...........[
...#..## ....#...............


You could see 4 large abominations and a small abomination.

Vanquished Creatures
  2 two-headed ogres
  A large abomination (D:9)
  A wizard (D:9)
  Grinder (D:4)
  Sigmund (D:3)
  A steam dragon (D:9)
  3 acid dragons (D:9)
  5 small abominations (D:9)
  A water moccasin (D:6)
  An ice beast (D:8)
  A sky beast (D:5)
  2 hornet zombies
  An orc warrior (D:9)
  A necrophage (D:6)
  3 ogres
  A centaur (D:8)
  4 kobold brigands
  A bullfrog (D:9)
  A gnoll sergeant (D:7)
  A water moccasin zombie (D:5)
  A wyvern skeleton (D:7)
  3 killer bees (D:7)
  16 wights
  9 howler monkeys
  4 centaur zombies
  2 bullfrog zombies (D:6)
  3 hounds (D:4)
  4 jellies
  3 orc priests
  An iguana (D:4)
  A gnoll shaman (D:4)
  6 orc wizards
  A killer bee zombie (D:6)
  A hound skeleton (D:4)
  2 howler monkey zombies
  5 adders
  8 gnolls
  A worm (D:4)
  2 dart slugs (D:3)
  33 orcs
  5 ball pythons
  5 bats
  4 endoplasms
  6 giant cockroaches
  6 goblins
  A hobgoblin (D:3)
  2 quokkas
  A frilled lizard (D:2)
  19 kobolds
  6 rats
194 creatures vanquished.

Notes
Turn   | Place    | Note
-------+----------+-------------------------------------------
     0 | D:1      | siradein the Djinni Earth Elementalist began the quest for
                  | the Orb.
     0 | D:1      | Reached XP level 1. HP: 15/15 MP: 0/0
   142 | D:1      | Reached skill level 3 in Spellcasting
   448 | D:1      | Reached XP level 2. HP: 20/21 MP: 0/0
   566 | D:1      | Found a faded altar of an unknown god.
  1358 | D:2      | Reached XP level 3. HP: 21/25 MP: 0/0
  1358 | D:2      | Learned a level 1 spell: Shock
  1478 | D:2      | Found a shimmering altar of Xom.
  1916 | D:3      | Noticed Sigmund
  1922 | D:3      | Killed Sigmund
  1923 | D:3      | Reached skill level 5 in Spellcasting
  1923 | D:3      | Reached XP level 4. HP: 4/31 MP: 0/0
  1923 | D:3      | Reached XP level 5. HP: 4/35 MP: 0/0
  1923 | D:3      | Learned a level 2 spell: Call Imp
  2271 | D:3      | Found a glowing golden altar of the Shining One.
  2638 | D:3      | Reached XP level 6. HP: 39/40 MP: 0/0
  2938 | D:4      | Reached skill level 6 in Spellcasting
  3528 | D:4      | Found the brooch of Shielding {Spirit SH+8}
  3538 | D:4      | Reached XP level 7. HP: 39/45 MP: 0/0
  3538 | D:4      | Learned a level 3 spell: Confusing Touch
  3891 | D:4      | Reached skill level 7 in Spellcasting
  4224 | D:4      | Noticed Grinder
  4232 | D:4      | Paralysed by Grinder for 4 turns
  4238 | D:4      | Killed Grinder
  4239 | D:4      | Reached skill level 1 in Fighting
  4239 | D:4      | Reached skill level 1 in Armour
  4239 | D:4      | Reached skill level 1 in Shields
  4448 | D:5      | Entered Level 5 of the Dungeon
  4516 | D:5      | Reached XP level 8. HP: 46/52 MP: 0/0
  5726 | D:6      | Found a staircase to the Ecumenical Temple.
  5737 | Temple   | Entered the Ecumenical Temple
  5855 | Temple   | Became a worshipper of Makhleb the Destroyer
  6107 | D:6      | Found a basalt altar of Yredelemnul.
  6140 | D:6      | Reached XP level 9. HP: 33/61 MP: 0/0
  6140 | D:6      | Learned a level 3 spell: Ignite Poison
  7636 | D:7      | Reached skill level 5 in Dodging
  8106 | D:7      | Found a shadowy altar of Dithmenos.
  8112 | D:7      | Reached skill level 8 in Spellcasting
  8917 | D:7      | Found a bloodstained altar of Trog.
  9079 | D:8      | Reached * piety under Makhleb
  9900 | D:8      | Noticed a two-headed ogre
  9910 | D:8      | Killed a two-headed ogre
  9911 | D:8      | Reached skill level 5 in Fighting
  9911 | D:8      | Reached skill level 5 in Armour
  9911 | D:8      | Reached skill level 5 in Shields
  9911 | D:8      | Reached XP level 10. HP: 40/70 MP: 0/0
 10915 | D:9      | Found a staircase to the Orcish Mines.
 11072 | D:9      | Found Loyphug's General Store.
 11635 | D:9      | Noticed a two-headed ogre
 11645 | D:9      | Killed a two-headed ogre
 11645 | D:9      | Reached ** piety under Makhleb
 12481 | D:9      | Noticed a wizard
 12485 | D:9      | Killed a wizard
 12578 | D:9      | Noticed a large abomination
 12578 | D:9      | Noticed a large abomination
 12579 | D:9      | Upgraded the game from 0.27-a0-909-g0721f309d1 to
                  | 0.27-a0-920-gb2bd10914a
 12588 | D:9      | Reached XP level 11. HP: 48/76 MP: 0/0
 12588 | D:9      | Learned a level 4 spell: Leda's Liquefaction
 12588 | D:9      | Noticed a large abomination
 12598 | D:9      | Killed a large abomination
 12599 | D:9      | Reached skill level 9 in Spellcasting
 12640 | D:9      | Slain by a large abomination

Illustrated notes

Levels and vault maps discovered:
D:1:      psy_arrival_dodecagon, layout_basic, basic_ecumenical_altar,
          hangedman_decor_riveting
D:2:      layout_basic, basic_altar
D:3:      layout_loops_ring, tso_oasis_becter, uniq_sigmund
D:4:      minmay_opposing_rooms, layout_basic, uniq_grinder
D:5:      layout_cave_pools, corexii_hall_statues_l
D:6:      layout_basic, lemuel_tele_altar, nicolae_yredelemnul_corpse_copse,
          minmay_temple_entry_waves
D:7:      layout_basic, marbit_many_paths, nicolae_dithmenos_shadow_blocks
D:8:      layout_loops_cross
D:9:      layout_gridville, minmay_orc_entry_temple_small, serial_glass,
          glass_columns_a, glass_columns_a, serial_shops, shop,
          ploomutoo_gammafunk_ghost_potion_laboratory, laboratory
Temple:   eino_temple_scatter_basement

Skill      XL: |  1  2  3  4  5  6  7  8  9 10 11 |
---------------+----------------------------------+-----
Spellcasting   | 3 5 6 7 8 9 |  9.1
Fighting       | 1 3 5 6 |  6.5
Armour         | 1 3 5 6 |  6.5
Shields        | 1 3 5 6 |  6.5
Dodging        | 4 6 7 |  7.6
Stealth        | |  1.5

Action                   |  1- 3 |  4- 6 |  7- 9 | 10-12 || total
-------------------------+-------+-------+-------+-------++-------
 Cast: Sandblast         |    29 |       |       |       ||    29
       Shock             |    13 |    20 |       |       ||    33
       Stone Arrow       |     3 |    27 |   168 |    36 ||   234
       Lee's Rapid Decon |       |       |    14 |    36 ||    50
       Petrify           |       |       |    13 |    29 ||    42
       Leda's Liquefacti |       |       |       |     1 ||     1
  Use: Scroll            |       |     2 |     4 |     2 ||     8
Armor: Robe              |     2 |     1 |       |       ||     3
       Leather armour    |       |       |     5 |     3 ||     8
       Acid dragon scale |       |       |       |     1 ||     1
Dodge: Dodged            |     2 |     2 |    22 |     4 ||    30
Block: Other             |       |       |    21 |     5 ||    26

Table legend: (Time is in decaauts)
 A = Elapsed time spent in this place.
 B = Non-inter-level travel time spent in this place.
 C = Inter-level travel time spent in this place.
 D = Time resting spent in this place.
 E = Time spent auto-exploring this place.
 F = Levels seen in this place.
 G = Mean time per level.
                   A        B        C        D        E       F      G
               +--------+--------+--------+--------+--------+-----+--------+
         Total |  12645 |  12467 |    178 |    311 |  10838 |  10 | 1264.5 |
       Dungeon |  12494 |  12316 |    178 |    311 |  10729 |   9 | 1388.2 |
        Temple |    150 |    150 |      0 |      0 |    109 |   1 |  150.0 |
               +--------+--------+--------+--------+--------+-----+--------+

Top non-repeatable levels by time:
     D:9: 1898 daAuts
     D:4: 1802 daAuts
     D:7: 1744 daAuts
     D:8: 1699 daAuts
     D:6: 1571 daAuts
     D:1: 1100 daAuts
     D:5: 1087 daAuts
     D:3: 968 daAuts
     D:2: 621 daAuts
  Temple: 150 daAuts
